 Dungeon Crawl Stone Soup version 0.29-a0-323-g050149af67 (webtiles) character file.

Game seed: 31485847701807445

86 Ajdolov the Ruffian (level 4, -3/40 HPs)
             Began as a Ghoul Monk on Apr 10, 2022.
             Slain by Crazy Yiuf
             ... wielding a +2 quarterstaff of chaos
              (10 damage)
             ... on level 2 of the Dungeon.
             The game lasted 00:04:33 (1864 turns).

Ajdolov the Ruffian (Ghoul Monk)                    Turns: 1864, Time: 00:04:33

Health: -3/40      AC:  6    Str: 16    XL:     4   Next: 49%
Magic:  0/3        EV: 10    Int:  5    God:
Gold:   98         SH:  0    Dex: 11    Spells: 3/3 levels left

rFire   . . .      SeeInvis .     - Unarmed
rCold   + . .      Faith    .   (no shield)
rNeg    + + +      Spirit   .   l - +0 scale mail
rPois   ∞          Reflect  .   (no helmet)
rElec   .          Harm     .   (no cloak)
rCorr   .          Rampage  .   (no gloves)
Will    .....                   (no boots)
Stlth   ..........              (no amulet)
HPRegen 0.00/turn               (no ring)
MPRegen 0.08/turn               (no ring)

@: mighty, inhibited regen
A: claws 1, cold resistance 1, negative energy resistance 3, inhibited
regeneration, torment resistance 2, devour on kill
a: no special abilities


You were on level 2 of the Dungeon.
You visited 1 branch of the dungeon, and saw 2 of its levels.

You collected 98 gold pieces.

Inventory:

Armour
 l - a +0 scale mail (worn)
Scrolls
 a - a scroll of fog {unknown}
 e - 3 scrolls of blinking {unknown}
 f - 2 scrolls of vulnerability {unknown}
 h - a scroll of enchant armour {unknown}
 i - a scroll of identify {unknown}
 k - a scroll of amnesia {unknown}
 n - a scroll of enchant weapon {unknown}
Potions
 b - a potion of ambrosia
 c - a potion of lignification {unknown}
 d - a potion of degeneration {unknown}
 g - 3 potions of curing {unknown}
 j - a potion of brilliance {unknown}
 m - a potion of magic {unknown}


   Skills:
 + Level 4.2 Fighting
 - Level 2.6 Dodging
 - Level 2.1 Stealth
 * Level 5.0 Unarmed Combat


You had 3 spell levels left.
You didn't know any spells.
Your spell library contained the following spells:

 Spells                   Type           Power      Damage    Failure   Level
 Corpse Rot               Necr/Air       0%         N/A       97%         2
 Poisonous Vapours        Pois/Air       0%         N/A       97%         2
 Ignite Poison            Fire/Tmut/Pois 0%         N/A       99%         3
 Mephitic Cloud           Conj/Pois/Air  0%         N/A       99%         3
 Freezing Cloud           Conj/Ice/Air   0%         6-21      100%        5


Dungeon Overview and Level Annotations

Branches:
Dungeon (2/15)

Altars:

Shops:
D:1 =

Annotations:
D:2 Crazy Yiuf


Innate Abilities, Weirdness & Mutations

You are immune to poison.
You have sharp fingernails.
Your flesh is cold resistant. (rC+)
You are immune to negative energy. (rN+++)
You do not regenerate when monsters are visible.
You are immune to unholy pain and torment.
You thrive by killing the living.


Message History

The dart slug is severely wounded.
You scratch the dart slug.
You kill the dart slug!
No target in view!
Found a mace.
Found a runed translucent door.
Crazy Yiuf shouts!
Crazy Yiuf waves his quarterstaff at you.
You see here a hobgoblin corpse.
You see here a +0 spear.
You see here a +0 club.
You see here a +0 spear.
Crazy Yiuf shouts!
Crazy Yiuf laughs, "Flower toodlewoodle forty-two!"
Crazy Yiuf says, "Earwax!
Tosser Xom hog."
Okay, then.
Nothing quivered!
Unknown command.
You aren't carrying any items that you can evoke.
Unknown command.
Press: ? - help, v - describe, . - travel
Here: Crazy Yiuf, wielding a +2 quarterstaff of chaos and wearing a +0 cloak (fire blocked by a runed translucent door)
The floor.
You open the door.
You scratch Crazy Yiuf but do no damage.
Crazy Yiuf hits you with a +2 quarterstaff of chaos!
Crazy Yiuf freezes you.
You scratch Crazy Yiuf.
Crazy Yiuf is moderately wounded.
Crazy Yiuf hits you with a +2 quarterstaff of chaos!
You feel your power leaking away.
You scratch Crazy Yiuf. Your claw misses Crazy Yiuf.
Crazy Yiuf is moderately wounded.
Crazy Yiuf yells, "Rifle!
Leather sing seventy."
Crazy Yiuf hits you with a +2 quarterstaff of chaos!
* * * LOW HITPOINT WARNING * * *
You feel very mighty all of a sudden.
Unknown command.
Crazy Yiuf attacks as you move away!
Crazy Yiuf hits you with a +2 quarterstaff of chaos!
You die...

######### ### ######
#.......# #)..### ##.#..##
#.......# #...g@####......#
#.......# #...##..#.......#
##.......# ### ###.#..#.#.#
.........# ########.#
)#.......# ##.#
##.......############ #..#
####..#......##.....#####.##
# #..#######.#............#
#.## #.#.......######


You could see Crazy Yiuf.

Vanquished Creatures
  Jessica (D:2)
  An adder (D:2)
  A worm (D:2)
  A dart slug (D:2)
  A ball python (D:1)
  5 endoplasms
  12 goblins
  4 hobgoblins
  2 bats
  3 frilled lizards (D:2)
  7 kobolds
  4 rats
42 creatures vanquished.

Notes
Turn   | Place    | Note
-------+----------+-------------------------------------------
     0 | D:1      | Ajdolov the Ghoul Monk began the quest for the Orb.
     0 | D:1      | Reached XP level 1. HP: 19/19 MP: 0/0
   160 | D:1      | Found Leaqoj's Jewellery Emporium.
   230 | D:1      | Reached XP level 2. HP: 26/26 MP: 1/1
   655 | D:1      | Reached skill level 4 in Unarmed Combat
  1225 | D:2      | Reached XP level 3. HP: 32/33 MP: 2/2
  1257 | D:2      | Noticed Jessica
  1261 | D:2      | Killed Jessica
  1358 | D:2      | Reached XP level 4. HP: 40/40 MP: 3/3
  1642 | D:2      | Reached skill level 5 in Unarmed Combat
  1699 | D:2      | Found a runed translucent door.
  1700 | D:2      | Noticed Crazy Yiuf
  1864 | D:2      | Slain by Crazy Yiuf

Illustrated notes

Levels and vault maps discovered:
D:1:      nicolae_arrival_washed_ashore, layout_loops_ring, serial_shops, shop
D:2:      layout_rooms, minmay_goblin_outpost, uniq_jessica,
          uniq_crazy_yiuf_cottage

Skill      XL: |  1  2  3  4 |
---------------+-------------+-----
Unarmed Combat | 4 5 |  5.0
Fighting       | 4 |  4.2
Dodging        | |  2.6
Stealth        | |  2.1

Action                   |  1- 3 |  4- 6 || total
-------------------------+-------+-------++-------
Melee: Unarmed           |    86 |    31 ||   117
       Punch             |     2 |       ||     2
 Stab: Sleeping          |     5 |       ||     5
Armor: Robe              |     7 |       ||     7
       Ring mail         |     2 |       ||     2
       Scale mail        |     3 |     7 ||    10
Dodge: Dodged            |    39 |     9 ||    48

Table legend: (Time is in decaauts)
 A = Elapsed time spent in this place.
 B = Non-inter-level travel time spent in this place.
 C = Inter-level travel time spent in this place.
 D = Time resting spent in this place.
 E = Time spent auto-exploring this place.
 F = Levels seen in this place.
 G = Mean time per level.
                   A        B        C        D        E       F      G
               +--------+--------+--------+--------+--------+-----+--------+
         Total |   1856 |   1804 |     52 |      0 |   1480 |   2 |  928.0 |
       Dungeon |   1856 |   1804 |     52 |      0 |   1480 |   2 |  928.0 |
               +--------+--------+--------+--------+--------+-----+--------+

Top non-repeatable levels by time:
     D:1: 1017 daAuts
     D:2: 839 daAuts
